 Dungeon Sprint DCSS version 0.30-a0-672-gc3a7216ad8 (webtiles) character file.

Game seed: 8070922290467773329

2677 rocky1 the Thaumaturge (level 9, -7/111 HPs)
             Began as a Gnoll Earth Elementalist on Jan 19, 2023.
             Was a High Priest of Vehumet.
             Mangled by a deep troll (14 damage)
             ... in the Dungeon (Sprint VII: "The Pits").
             The game lasted 00:06:51 (1405 turns).

rocky1 the Thaumaturge (Gnoll Earth Elementalist)   Turns: 1405, Time: 00:06:51

Health: -7/111     AC:  8    Str:  8    XL:     9   Next: 64%
Magic:  11/22      EV: 15    Int: 18    God:    Vehumet [*****.]
Gold:   0          SH:  0    Dex: 13    Spells: 16/27 levels left

rFire   . . .      SeeInvis .    h - +2 hand axe (pain)
rCold   . . .      Faith    .    (no shield)
rNeg    . . .      Spirit   .    m - +3 leather armour
rPois   .          Reflect  .    v - +0 helmet
rElec   .          Harm     .    (no cloak)
rCorr   .          Rampage  .    (no gloves)
Will    .....      NoTele   +    (no boots) Stlth
                                 (no amulet)
HPRegen 0.38/turn                (no ring)
MPRegen 0.18/turn                (no ring)

@: berserking (expiring), very quick
A: fangs 1, strong nose, distributed training
a: Renounce Religion


You were in the Dungeon.
You worshipped Vehumet.
Vehumet was extremely pleased with you.
You visited 1 branch

Inventory:

Hand Weapons
 h - a +2 hand axe of pain (weapon)
 s - a +1 broad axe of freezing
 t - a +2 halberd of protection
 u - a +2 scimitar of flaming
Missiles
 n - 8 poisoned darts
Armour
 a - a +0 robe
 m - a +3 leather armour (worn)
 v - a +0 helmet (worn)
 w - a +5 ring mail
Jewellery
 o - a +3 ring of strength
 p - a +3 ring of evasion
Wands
 l - a wand of digging (5)
Scrolls
 g - a scroll of blinking
 j - 5 scrolls of amnesia
 k - a scroll of summoning
Potions
 b - 4 potions of magic
 c - 6 potions of curing
 d - 4 potions of heal wounds
 e - a potion of haste
 f - a potion of berserk rage
 i - a potion of invisibility
 q - 2 potions of might
 r - 2 potions of mutation


   Skills:
 + Level 8.2 Fighting
 + Level 8.2 Short Blades
 + Level 8.2 Long Blades
 + Level 8.2 Axes
 + Level 8.2 Maces & Flails
 + Level 8.2 Polearms
 + Level 8.2 Staves
 + Level 8.2 Ranged Weapons
 + Level 8.2 Throwing
 + Level 8.2 Armour
 + Level 9.5 Dodging
 + Level 9.3 Stealth
 + Level 8.2 Shields
 + Level 8.2 Unarmed Combat
 + Level 9.7 Spellcasting
 + Level 6.9 Conjurations
 + Level 6.9 Hexes
 + Level 6.9 Summonings
 + Level 6.9 Necromancy
 + Level 6.9 Translocations
 + Level 7.2 Transmutations
 + Level 6.9 Fire Magic
 + Level 6.9 Ice Magic
 + Level 6.9 Air Magic
 + Level 8.9 Earth Magic
 + Level 6.9 Poison Magic
 + Level 9.0 Invocations
 + Level 8.2 Evocations


You had 16 spell levels left.
You knew the following spells:

 Your Spells              Type           Power      Damage    Failure   Level
a - Sandblast             Erth           80%        2d17      1%          1
b - Stone Arrow           Conj/Erth      74%        3d11      1%          3
c - Petrify               Tmut/Erth      37%        N/A       3%          4
d - Hailstorm             Conj/Ice       33%        3d8       1%          3

Your spell library contained the following spells:

 Spells                   Type           Power      Damage    Failure   Level
 Iskenderun's Mystic Bla  Conj/Tloc      33%        2d8       1%          4
 Passwall                 Tmut/Erth      30%        N/A       1%          2


Dungeon Overview and Level Annotations

Branches:
Dungeon (1/1)

Altars:
Ashenzari
Cheibriados
Dithmenos
Elyvilon
Fedhas
Gozag
Hepliaklqana
Kikubaaqudgha
Makhleb
Nemelex Xobeh
Okawaru
Qazlal
Ru
Sif Muna
Trog
Uskayaw
Vehumet
Wu Jian
Xom
Yredelemnul
Zin
The Shining One
Jiyva
Lugonu


Innate Abilities, Weirdness & Mutations

You have very sharp teeth.
Your uncanny sense of smell can sniff out nearby items.
Your experience applies equally to all skills.


Message History

The deep troll completely misses you. The deep troll claws you. x2
You hit the deep troll.
The deep troll writhes in agony.
The deep troll is moderately wounded.
You closely miss the deep troll.
The deep troll is moderately wounded.
The deep troll bites you! The deep troll closely misses you. x2
You hit the deep troll.
The deep troll writhes in agony.
Your bite misses the deep troll.
The deep troll is heavily wounded.
The snapping turtle bites you from afar!
The deep troll bites you but does no damage.
The deep troll claws you. The deep troll misses you.
You closely miss the deep troll.
The deep troll is heavily wounded.
You hit the deep troll.
The deep troll writhes in agony.
The deep troll is heavily wounded.
The snapping turtle bites you from afar!
The deep troll bites you. The deep troll claws you! The deep troll claws you.
You hit the deep troll.
The deep troll writhes in agony.
You bite the deep troll.
The deep troll is severely wounded.
The snapping turtle bites you from afar.
The deep troll bites you but does no damage.
The deep troll claws you. x2
* * * LOW HITPOINT WARNING * * *
You barely miss the deep troll.
The deep troll is severely wounded.
You completely miss the deep troll.
The deep troll is severely wounded.
The snapping turtle misses you. The deep troll bites you!
* * * LOW HITPOINT WARNING * * *
The deep troll claws you!
* * * LOW HITPOINT WARNING * * *
The deep troll claws you but does no damage.
You closely miss the deep troll. Your bite misses the deep troll.
The deep troll is severely wounded.
You barely miss the deep troll.
The deep troll is severely wounded.
The deep troll bites you!
You die...

..##................#
))#####'#####''######
))##.......##†'### ###
))##.......##....##..+
[[##.......##...##...#
'###...<...##..##...#
..##.......##..#...#
..##.......##..'..#
####.......##.##@.# ..
############.T.+
.########### #..t.#
.#....#..[.##..#..#
)#....#..[.##.###..
.')...'..).### #..
)#....#...)# ..
.#....#...)# ..#
############


You could see a snapping turtle and a deep troll.

Vanquished Creatures
  An orc sorcerer (D)
  Pikel (D)
  A kobold demonologist (D)
  A polar bear (D)
  A tyrant leech (D)
  A wyvern (D)
  A fire bat (D)
  3 yaks (D)
  A water moccasin (D)
  An orc warrior (D)
  A lemure (D)
  A phantom (D)
  A kobold brigand (D)
  A scorpion (D)
  A crimson imp (D)
  Ijyb (D)
  2 orc wizards (D)
  2 adders (D)
  An ufetubus (D)
  An adder skeleton (D)
  An adder zombie (D)
  4 orcs (D)
  A bat (D)
  A giant cockroach (D)
  4 jackals (D)
  A quokka skeleton (D)
36 creatures vanquished.

Notes
Turn   | Place    | Note
-------+----------+-------------------------------------------
     0 | D        | rocky1 the Gnoll Earth Elementalist began the quest for the
                  | Orb.
     0 | D        | Reached XP level 1. HP: 13/13 MP: 6/6
    11 | D        | Noticed a yak
    11 | D        | Noticed a yak
    11 | D        | Noticed a yak
    12 | D        | Noticed a tyrant leech
    27 | D        | Reached skill level 5 in Spellcasting
    28 | D        | Reached skill level 1 in Invocations
    32 | D        | Reached skill level 1 in Fighting
    32 | D        | Reached skill level 1 in Short Blades
    32 | D        | Reached skill level 1 in Long Blades
    32 | D        | Reached skill level 1 in Axes
    32 | D        | Reached skill level 1 in Maces & Flails
    32 | D        | Reached skill level 1 in Polearms
    32 | D        | Reached skill level 1 in Staves
    32 | D        | Reached skill level 1 in Ranged Weapons
    32 | D        | Reached skill level 1 in Throwing
    32 | D        | Reached skill level 1 in Armour
    32 | D        | Reached skill level 1 in Shields
    32 | D        | Reached skill level 1 in Unarmed Combat
    32 | D        | Reached skill level 1 in Evocations
   119 | D        | Found a bloodstained altar of Trog.
   119 | D        | Found a shimmering blue altar of Sif Muna.
   119 | D        | Found a viscous altar of Jiyva.
   119 | D        | Found a hazy altar of Hepliaklqana.
   119 | D        | Found an opulent altar of Gozag.
   120 | D        | Found a glowing golden altar of the Shining One.
   120 | D        | Found a glowing silver altar of Zin.
   120 | D        | Found a basalt altar of Yredelemnul.
   120 | D        | Found a shimmering altar of Xom.
   120 | D        | Found an ornate altar of the Wu Jian Council.
   120 | D        | Found a sacrificial altar of Ru.
   120 | D        | Found a stormy altar of Qazlal.
   120 | D        | Found an iron altar of Okawaru.
   120 | D        | Found a sparkling altar of Nemelex Xobeh.
   120 | D        | Found a burning altar of Makhleb.
   120 | D        | Found a blossoming altar of Fedhas.
   120 | D        | Found a white marble altar of Elyvilon.
   120 | D        | Found a shadowy altar of Dithmenos.
   120 | D        | Found a snail-covered altar of Cheibriados.
   122 | D        | Found a radiant altar of Vehumet.
   122 | D        | Found a corrupted altar of Lugonu.
   123 | D        | Found a hide-covered altar of Uskayaw.
   123 | D        | Found an ancient bone altar of Kikubaaqudgha.
   123 | D        | Found a broken altar of Ashenzari.
   136 | D        | Became a worshipper of Vehumet
   154 | D        | Reached XP level 2. HP: 21/21 MP: 6/8
   157 | D        | Reached skill level 1 in Conjurations
   157 | D        | Reached skill level 1 in Hexes
   157 | D        | Reached skill level 1 in Summonings
   157 | D        | Reached skill level 1 in Necromancy
   157 | D        | Reached skill level 1 in Translocations
   157 | D        | Reached skill level 1 in Fire Magic
   157 | D        | Reached skill level 1 in Ice Magic
   157 | D        | Reached skill level 1 in Air Magic
   157 | D        | Reached skill level 1 in Poison Magic
   191 | D        | Reached * piety under Vehumet
   191 | D        | Offered knowledge of Shock by Vehumet.
   220 | D        | Reached XP level 3. HP: 27/27 MP: 7/9
   220 | D        | Noticed a phantom
   221 | D        | Reached ** piety under Vehumet
   222 | D        | Reached skill level 5 in Dodging
   227 | D        | Killed a phantom
   228 | D        | Reached skill level 5 in Stealth
   228 | D        | Reached XP level 4. HP: 28/35 MP: 4/11
   335 | D        | Noticed a kobold brigand
   335 | D        | Noticed Ijyb
   335 | D        | Noticed an orc warrior
   335 | D        | Noticed a scorpion
   350 | D        | Killed a kobold brigand
   351 | D        | Reached XP level 5. HP: 32/42 MP: 10/13
   367 | D        | Killed Ijyb
   367 | D        | Reached *** piety under Vehumet
   367 | D        | Offered knowledge of Magic Dart by Vehumet.
   374 | D        | Reached XP level 6. HP: 12/49 MP: 12/15
   385 | D        | Reached skill level 5 in Invocations
   387 | D        | Killed an orc warrior
   388 | D        | Reached skill level 5 in Fighting
   388 | D        | Reached skill level 5 in Short Blades
   388 | D        | Reached skill level 5 in Long Blades
   388 | D        | Reached skill level 5 in Axes
   388 | D        | Reached skill level 5 in Maces & Flails
   388 | D        | Reached skill level 5 in Polearms
   388 | D        | Reached skill level 5 in Staves
   388 | D        | Reached skill level 5 in Ranged Weapons
   388 | D        | Reached skill level 5 in Throwing
   388 | D        | Reached skill level 5 in Armour
   388 | D        | Reached skill level 5 in Shields
   388 | D        | Reached skill level 5 in Unarmed Combat
   388 | D        | Reached skill level 5 in Evocations
   391 | D        | Reached **** piety under Vehumet
   411 | D        | Reached XP level 7. HP: 44/56 MP: 13/17
   492 | D        | Learned a level 3 spell: Stone Arrow
   497 | D        | Learned a level 4 spell: Petrify
   498 | D        | Noticed a fire bat
   502 | D        | Killed a fire bat
   502 | D        | Offered knowledge of Inner Flame by Vehumet.
   502 | D        | Reached ***** piety under Vehumet
   503 | D        | Reached skill level 5 in Transmutations
   559 | D        | Noticed a kobold demonologist
   564 | D        | Noticed a sun demon
   564 | D        | Killed a kobold demonologist
   565 | D        | Reached skill level 5 in Conjurations
   565 | D        | Reached skill level 5 in Hexes
   565 | D        | Reached skill level 5 in Summonings
   565 | D        | Reached skill level 5 in Necromancy
   565 | D        | Reached skill level 5 in Translocations
   565 | D        | Reached skill level 5 in Fire Magic
   565 | D        | Reached skill level 5 in Ice Magic
   565 | D        | Reached skill level 5 in Air Magic
   565 | D        | Reached skill level 5 in Poison Magic
   656 | D        | Noticed Pikel
   666 | D        | Killed Pikel
   666 | D        | Offered knowledge of Hailstorm by Vehumet.
   667 | D        | Reached XP level 8. HP: 65/65 MP: 7/20
   836 | D        | Learned a level 3 spell: Hailstorm
   836 | D        | Noticed an orc sorcerer
   836 | D        | Noticed a wyvern
   838 | D        | Killed a wyvern
   838 | D        | Offered knowledge of Yara's Violent Unravelling by Vehumet.
   841 | D        | Noticed a ynoxinul
   843 | D        | Noticed a soul eater
   843 | D        | Killed an orc sorcerer
   844 | D        | Reached XP level 9. HP: 60/72 MP: 5/22
  1208 | D        | Offered knowledge of Iskenderun's Mystic Blast by Vehumet.
  1239 | D        | Killed a tyrant leech
  1382 | D        | Noticed a polar bear
  1386 | D        | Killed a polar bear
  1387 | D        | Noticed a deep troll
  1405 | D        | Mangled by a deep troll

Illustrated notes

Levels and vault maps discovered:
D:        pitsprint [storerooms_1, entrance_room_1, metal_vault_7, armoury_2,
          mini_pit_1, grid_room_1, main_hall_1, silver_pit, the_coven_3,
          the_vestibule_1, steel_vault_1, golden_pit, hallway_of_sentries,
          crystal_vault_1, iron_vault_5, final_vault]

Skill      XL: |  1  2  3  4  5  6  7  8  9 |
---------------+----------------------------+-----
Transmutations | 2 3 4 6 7 |  7.2
Spellcasting   | 5 6 7 8 9 |  9.7
Invocations    | 1 2 3 4 5 7 8 9 |  9.0
Fighting       | 1 3 4 5 6 7 8 |  8.2
Short Blades   | 1 3 4 5 6 7 8 |  8.2
Long Blades    | 1 3 4 5 6 7 8 |  8.2
Axes           | 1 3 4 5 6 7 8 |  8.2
Maces & Flails | 1 3 4 5 6 7 8 |  8.2
Polearms       | 1 3 4 5 6 7 8 |  8.2
Staves         | 1 3 4 5 6 7 8 |  8.2
Ranged Weapons | 1 3 4 5 6 7 8 |  8.2
Throwing       | 1 3 4 5 6 7 8 |  8.2
Armour         | 1 3 4 5 6 7 8 |  8.2
Shields        | 1 3 4 5 6 7 8 |  8.2
Unarmed Combat | 1 3 4 5 6 7 8 |  8.2
Evocations     | 1 3 4 5 6 7 8 |  8.2
Conjurations   | 1 2 3 4 5 6 |  6.9
Hexes          | 1 2 3 4 5 6 |  6.9
Summonings     | 1 2 3 4 5 6 |  6.9
Necromancy     | 1 2 3 4 5 6 |  6.9
Translocations | 1 2 3 4 5 6 |  6.9
Fire Magic     | 1 2 3 4 5 6 |  6.9
Ice Magic      | 1 2 3 4 5 6 |  6.9
Air Magic      | 1 2 3 4 5 6 |  6.9
Poison Magic   | 1 2 3 4 5 6 |  6.9
Dodging        | 5 6 7 8 9 |  9.5
Stealth        | 5 6 8 9 |  9.3
Earth Magic    | 6 7 8 |  8.9

Action                   |  1- 3 |  4- 6 |  7- 9 || total
-------------------------+-------+-------+-------++-------
Melee: Bite              |     1 |     5 |     4 ||    10
       Unarmed           |     1 |       |       ||     1
       Hand axe          |       |    45 |    25 ||    70
       Punch             |       |     1 |     1 ||     2
 Cast: Sandblast         |    21 |    14 |     1 ||    36
       Stone Arrow       |       |       |    24 ||    24
       Hailstorm         |       |       |    15 ||    15
  Use: Potion            |       |     6 |     5 ||    11
 Stab: Invisible         |       |     5 |       ||     5
Armor: Robe              |     1 |     3 |       ||     4
       Leather armour    |       |       |    17 ||    17
Dodge: Dodged            |    16 |    33 |    27 ||    76

Table legend: (Time is in decaauts)
 A = Elapsed time spent in this place.
 B = Non-inter-level travel time spent in this place.
 C = Inter-level travel time spent in this place.
 D = Time resting spent in this place.
 E = Time spent auto-exploring this place.
 F = Levels seen in this place.
 G = Mean time per level.
                   A        B        C        D        E       F      G
               +--------+--------+--------+--------+--------+-----+--------+
         Total |   1438 |   1370 |     68 |    897 |      0 |   1 | 1438.0 |
       Dungeon |   1438 |   1370 |     68 |    897 |      0 |   1 | 1438.0 |
               +--------+--------+--------+--------+--------+-----+--------+

Top non-repeatable levels by time:
       D: 1438 daAuts
